 Dungeon Crawl Stone Soup version 0.23-a0-338-g8ff0b24 (webtiles) character file.

26 MisterFreud the Sneak (level 2, -1/12 HPs)
             Began as a Felid Artificer on Oct 18, 2018.
             Slain by a worm (11 damage)
             ... on level 2 of the Dungeon.
             The game lasted 00:01:56 (1347 turns).

MisterFreud the Sneak (Felid Artificer)             Turns: 1347, Time: 00:01:56

Health: -1/12      AC:  1    Str:  8    XL:     2   Next: 89%
Magic:  5/5        EV: 18    Int: 12    God:
Gold:   111        SH:  0    Dex: 16    Spells: 1/1 levels left
                                        Lives:  0   Deaths: 0

rFire    . . .     SeeInvis +     - Unarmed
rCold    . . .     Gourm    .   (shield unavailable)
rNeg     . . .     Faith    .   (armour unavailable)
rPois    .         Spirit   .   (helmet unavailable)
rElec    .         Reflect  .   (cloak unavailable)
rCorr    .         Harm     .   (gloves unavailable)
MR       .....                  (boots unavailable)
Stlth    +++.......             i - amulet of the acrobat
HPRegen  0.04/turn              (no ring)
MPRegen  0.09/turn              (no ring)

@: quick
A: very small, no armour, no weapons or thrown items, stealth, claws 1, fangs 3,
see invisible, carnivore, speed 1, shaggy fur 1, slow metabolism 1, sharp paws
a: no special abilities


You were on level 2 of the Dungeon.
You were completely stuffed.

You visited 1 branch of the dungeon, and saw 2 of its levels.

You collected 111 gold pieces.

Inventory:

Jewellery
 i - an amulet of the acrobat (around neck)
Wands
 a - a wand of flame (15)
 b - a wand of enslavement (14)
 c - a wand of random effects (15)
Scrolls
 e - a scroll of magic mapping {unknown}
 f - 3 scrolls of identify {unknown}
 g - 2 scrolls of enchant armour {unknown}
 h - a scroll of blinking {unknown}
 k - 3 scrolls of teleportation {unknown}
 l - a scroll of enchant weapon {unknown}
Potions
 j - 2 potions of might {unknown}
 m - 2 potions of agility {unknown}
 n - a potion of curing {unknown}
Comestibles
 d - 2 rations


   Skills:
 - Level 1.0 Fighting
 - Level 2.6 Dodging
 - Level 4.0 Stealth
 - Level 1.0 Unarmed Combat
 + Level 3.5 Evocations


You had one spell level left.
You didn't know any spells.
Your spell library was empty.

Dungeon Overview and Level Annotations

Branches:
Dungeon (2/15)

Altars:


Innate Abilities, Weirdness & Mutations

You cannot wear armour.
You are incapable of wielding weapons or throwing items.
Your paws allow you to move quietly. (Stealth)
You have sharp claws.
You have razor-sharp teeth.
You have supernaturally acute eyesight. (SInv)
You are carnivorous and can eat meat at any time.
You cover ground quickly.
You are covered in fur. (AC +1)
You have a slow metabolism.
Your sharp claws are effective at attacking unaware monsters.


Message History

m - 2 viscous silvery potions
n - a white potion
k - 3 scrolls labeled DETARO LOLIE (gained 1)
d - 2 rations (gained 1)
Found a robe.
Found a stone staircase leading down.
f - 3 scrolls labeled MUDAV RUDEKE (gained 1)
You now have 111 gold pieces (gained 7).
A worm comes into view.
You see here a fizzy coppery potion.
You scratch the worm.
The worm is moderately wounded.
The worm bites you.
You scratch the worm.
The worm is heavily wounded.
You scratch the worm.
The worm is severely wounded.
The worm bites you!
Ouch! That really hurt!
You die...

#..#..........#........
#...##....##..........
#......[.####.........
#..###..## #......... #
#!...# #.........
#.##.# #......... ##.#
..# ##........
...#.#>.###.# #........
#.....@.# .# .........
#......w# .. ........
#.......# ## ........
#.......# ....[.
#.......# ... #.......#
#########


You could see a worm.

Vanquished Creatures
  A dart slug (D:1)
  3 bats (D:1)
  2 giant cockroaches (D:1)
  5 goblins (D:1)
  2 hobgoblins (D:1)
  4 jackals (D:1)
  A kobold (D:1)
  A rat (D:1)
19 creatures vanquished.

Vanquished Creatures (collateral kills)
  A dart slug (D:1)
1 creature vanquished.

Grand Total: 20 creatures vanquished

Notes
Turn   | Place    | Note
-------+----------+-------------------------------------------
     0 | D:1      | MisterFreud the Felid Artificer began the quest for the
                  | Orb.
     0 | D:1      | Reached XP level 1. HP: 9/9 MP: 4/4
    52 | D:1      | Reached skill level 2 in Stealth
   133 | D:1      | Reached skill level 3 in Stealth
   137 | D:1      | Reached XP level 2. HP: 5/12 MP: 5/5
   736 | D:1      | Reached skill level 4 in Stealth
  1347 | D:2      | Slain by a worm

Vault maps used:
D:1:      lemuel_arrival_funnel
D:2:      first_ration, minmay_pentomino_o4

Skill      XL: |  1  2 |
---------------+-------+-----
Stealth        | 3 4 |  4.0
Fighting       | |  1.0
Dodging        | |  2.6
Unarmed Combat | |  1.0
Evocations     | |  3.5

Action                   || total
-------------------------++-------
Melee: Unarmed           ||    52
       Bite              ||     2
Evoke: Wand              ||     1
 Stab: Sleeping          ||     8
  Eat: Chunk             ||     8
Armor: Skin              ||     1
Dodge: Dodged            ||    33

Table legend:
 A = Non-vault XP
 B = Vault XP
 C = Vault XP percentage of total XP
 D = Non-vault monster count
 E = Vault monster count
 F = Vault count percentage of total count
                 A         B        C        D         E       F
            +---------+---------+-------+---------+---------+-------
      Total |      38 |       0 |   0.0 |      20 |       0 |   0.0
            +---------+---------+-------+---------+---------+-------
        D:1 |      38 |       0 |   0.0 |      20 |       0 |   0.0
            +---------+---------+-------+---------+---------+-------
